 Dungeon Crawl Stone Soup version 0.20-a0-303-g575bbf7 (webtiles) character file.

23 inmateoo the Scratcher (level 2, -15/14 HPs)
             Began as a Felid Wanderer on Dec 17, 2016.
             Killed from afar by Jessica (27 damage)
             ... with an exploding inner flame
             ... hexed by the player character
             ... on level 2 of the Dungeon.
             The game lasted 00:01:39 (881 turns).

inmateoo the Scratcher (Felid Wanderer)              Turns: 881, Time: 00:01:39

Health: -15/14     AC:  1    Str:  8    XL:     2   Next: 72%
Magic:  3/3        EV: 16    Int: 14    God:
Gold:   49         SH:  0    Dex: 14    Spells: 1/1 levels left
                                        Lives:  0   Deaths: 0

rFire  . . .     SeeInvis +       - Unarmed
rCold  . . .     Gourm    .     (armour unavailable)
rNeg   . . .     Faith    .     (shield unavailable)
rPois  .         Spirit   .     (helmet unavailable)
rElec  .         Reflect  .     (cloak unavailable)
rCorr  .         Harm     .     (gloves unavailable)
MR     .....                    (boots unavailable)
Stlth  +++.......               (no amulet)
                                (no ring)
                                (no ring)

@: quick
A: no armour, no weapons or thrown items, stealth, claws 1, fangs 3, see
invisible, carnivore 3, speed 1, shaggy fur 1, slow metabolism 1, sharp paws
a: no special abilities


You were on level 2 of the Dungeon.
You were very full.

You visited 1 branch of the dungeon, and saw 2 of its levels.

You collected 49 gold pieces.

Inventory:

Scrolls
 a - a scroll of blinking
Potions
 b - a potion of berserk rage
 c - 2 potions of curing
 d - a potion of lignification
 h - 2 potions of haste {unknown}
 i - a potion of flight {unknown}
 j - a potion of might {unknown}
 k - a potion of heal wounds
Comestibles
 f - a meat ration


   Skills:
 - Level 3.0 Fighting
 - Level 1.3 Dodging
 * Level 3.2 Stealth
 + Level 4.3 Unarmed Combat
   Level 1.1 Evocations


You had one spell level left.
You didn't know any spells.

Dungeon Overview and Level Annotations

Branches:
Dungeon (2/15)

Altars:
The Shining One


Innate Abilities, Weirdness & Mutations

You cannot wear armour.
You are incapable of wielding weapons or throwing items.
Your paws allow you to move quietly. (Stealth)
You have sharp claws.
You have razor-sharp teeth.
You have supernaturally acute eyesight. (SInv)
You are carnivorous and can eat meat at any time.
You cover ground quickly.
You are covered in fur. (AC +1)
You have a slow metabolism.
Your sharp claws are effective at attacking unaware monsters.


Message History

k - a potion of heal wounds The frilled lizard bites you.
As you read the scroll labeled JIOHURGH HOAD, it crumbles to dust.
You feel as if something is helping you.
It was a scroll of remove curse.
The frilled lizard closely misses you.
Drop what? 10/52 slots (_ for help) (? for menu, Esc to quit)
You remove your ring of teleportation.
You drop an uncursed ring of teleportation.
The frilled lizard barely misses you.
Jessica very coldly says, "I hate your company."
Jessica gestures wildly while chanting.
Jessica blinks!
Jessica closely misses you.
You claw Jessica!
Jessica is almost dead.
Jessica hits you but does no damage. The frilled lizard closely misses you.
You scratch Jessica.
Jessica explodes!
The fiery explosion engulfs you!
Ouch! That really hurt!
You die...

*#...#...,,,,,,******,,,,,,,*
*, *...#..#*****,* *,******* *,
*#..#..# *,* *,* *, **#..#..#
*,* *,###*******, ,,##.#..# *,*
*,#..,,,,,,,, ,,*#.§..#
*,******,#.#######*, ,,*#....#
*,,,,,,,,#.#.....#**
,,*#....###############.#.###.#
,,*#.......§..=l@§§...#.......#
####....########§§###.#<#.#####
#....#..# #...# #.#.#.#
#.###...# #...# #.#.#.# #.#
#...#######...# #...#.#
#.###..>..........#*#####.#
#.....####....###.....,,..#
#####.#..+....+,.#####***##
####.#.##....#*.*


You could see a frilled lizard (inner flame).

Vanquished Creatures
  2 leopard geckos (D:1)
  A ball python (D:1)
  2 giant cockroaches (D:1)
  3 goblins (D:1)
  A jackal (D:1)
  6 bats
  A frilled lizard (D:1)
  A kobold (D:1)
  3 rats (D:1)
20 creatures vanquished.

Notes
Turn   | Place    | Note
-------+----------+-------------------------------------------
     0 | D:1      | inmateoo the Felid Wanderer began the quest for the Orb.
     0 | D:1      | inmateoo set off with: a scroll of blinking, a potion of berserk rage, a potion of curing, a potion of lignification, a meat ration
     0 | D:1      | Reached XP level 1. HP: 10/10 MP: 2/2
   173 | D:1      | Found a glowing golden altar of the Shining One.
   216 | D:1      | Reached XP level 2. HP: 14/14 MP: 3/3
   851 | D:2      | Noticed Jessica
   881 | D:2      | Killed Jessica
   881 | D:2      | Killed from afar by Jessica

Vault maps used:
D:1:      dpeg_arrival_brainrot, tso_metal_star
D:2:      first_bread, kennysheep_generic_room_11, uniq_jessica

Skill      XL: |  1  2 |
---------------+-------+-----
Stealth        | 2 3 |  3.2
Fighting       | |  3.0
Dodging        | |  1.3
Unarmed Combat | |  4.3
Evocations     | |  1.1

Action                   || total
-------------------------++-------
Melee: Unarmed           ||    52
       Bite              ||     2
       Punch             ||     1
  Use: Scroll            ||     4
 Stab: Sleeping          ||     6
  Eat: Chunk             ||     5
Armor: Skin              ||     6
Dodge: Dodged            ||    38
